 Dungeon Crawl Stone Soup version 0.27-a0-1188-g73eefd5def (webtiles) character file.

Game seed: 2270677610764186128

48 DasRunzen the Slasher (level 3, -1/29 HPs)
             Began as a Demigod Gladiator on May 21, 2021.
             Slain by a goblin
             ... wielding a +0 dagger
             ... led by Robin
              (2 damage)
             ... on level 2 of the Dungeon.
             The game lasted 00:01:53 (1384 turns).

DasRunzen the Slasher (Demigod Gladiator)           Turns: 1384, Time: 00:01:54

Health: -1/29      AC:  4    Str: 15    XL:     3   Next: 30%
Magic:  6/6        EV: 12    Int: 14    God:
Gold:   97         SH:  0    Dex: 15    Spells: 4/4 levels left

rFire    . . .     SeeInvis .   a - +0 long sword
rCold    . . .     Faith    .   (no shield)
rNeg     . . .     Spirit   .   b - +0 leather armour
rPois    .         Reflect  .   c - +0 helmet
rElec    .         Harm     .   (no cloak)
rCorr    .         Rampage  .   (no gloves)
Will     .....                  (no boots)
Stlth    +.........             (no amulet)
HPRegen  0.09/turn              (no ring)
MPRegen  0.10/turn              (no ring)

@: no status effects
A: high mp 1, forlorn
a: no special abilities


You were on level 2 of the Dungeon.
You visited 1 branch of the dungeon, and saw 2 of its levels.

You collected 97 gold pieces.

Inventory:

Hand Weapons
 a - a +0 long sword (weapon)
Missiles
 d - 3 throwing nets (quivered)
Armour
 b - a +0 leather armour (worn)
 c - a +0 helmet (worn)
Potions
 e - a potion of might {unknown}
 f - a potion of brilliance {unknown}
 g - a potion of attraction {unknown}
 h - a potion of mutation {unknown}


   Skills:
 + Level 2.2 Fighting
 + Level 3.0 Long Blades
 - Level 1.7 Throwing
 + Level 1.0 Armour
 + Level 3.0 Dodging
 + Level 1.0 Spellcasting


You had 4 spell levels left.
You didn't know any spells.
Your spell library was empty.

Dungeon Overview and Level Annotations

Branches:
Dungeon (2/15)

Annotations:
D:2 Robin, Terence


Innate Abilities, Weirdness & Mutations

Your attributes grow dramatically as you level up.
You have an increased reservoir of magic. (+10% MP)
You shall have no god before yourself.


Message History

Robin throws the goblin at you!
Unknown command.
The goblin barely misses you.
The goblin unwields a +0 club.
The goblin wields a +0 hunting sling.
The goblin shoots a stone.
The stone closely misses you.
The goblin shoots a stone.
The stone hits you.
You hit Robin.
Robin is moderately wounded.
Robin throws the goblin at you!
You closely miss Robin.
Robin is moderately wounded.
The goblin unwields a +0 hunting sling.
The goblin wields a +0 club.
The goblin hits you with a +0 club.
Robin says, "Kneel, worm!"
Robin throws the goblin at you!
You hit Robin.
Robin is moderately wounded.
Robin hits you with a +1 vampiric dagger.
Robin draws strength from your wounds! The goblin hits you with a +0 dagger.
The goblin barely misses you.
You riposte.
You closely miss the goblin.
You are too injured to fight recklessly!
Robin says, "My army is invincible!"
The goblin misses you.
The goblin no longer looks unusually strong.
Robin throws the goblin at you! The goblin hits you with a +0 dagger.
* * * LOW HITPOINT WARNING * * *
The goblin unwields a +0 club.
The goblin wields a +0 hunting sling.
The goblin shoots a stone.
The stone hits you.
* * * LOW HITPOINT WARNING * * *
The hobgoblin no longer looks unusually strong.
The goblin no longer looks unusually strong.
The goblin barely misses you.
You riposte.
You closely miss the goblin.
The goblin shoots a stone.
The stone barely misses you.
A jackal comes into view.
The jackal barks!
You hear a shout!
You hear a bark!
Found a stone staircase leading up.
Robin throws the goblin at you!
* * * LOW HITPOINT WARNING * * *
The goblin hits you with a +0 dagger.
You die...

#...........#
##........####
#.........#
#.........#
#.........#
#.........#
#...#..####
#..^#..############
#...##.h†..@g....<#
#...#...gg.########
#...#g#.##.###
#####)#g.....#
#.#.?..#.#
#g##..##.# gg.#(..
# #.##...# .g.##..#


You could see Robin, a jackal, a hobgoblin and 2 goblins.

Vanquished Creatures
  An adder (D:1)
  A worm (D:2)
  A dart slug (D:1)
  2 bats (D:1)
  2 endoplasms (D:2)
  6 goblins
  5 hobgoblins
  2 quokkas (D:1)
  5 ball pythons
  3 kobolds (D:1)
  2 rats
30 creatures vanquished.

Notes
Turn   | Place    | Note
-------+----------+-------------------------------------------
     0 | D:1      | DasRunzen the Demigod Gladiator began the quest for the
                  | Orb.
     0 | D:1      | Reached XP level 1. HP: 17/17 MP: 3/3
   359 | D:1      | Reached XP level 2. HP: 22/24 MP: 4/4
   756 | D:2      | Noticed Terence
   816 | D:1      | HP: 1/24 [poisoned by an adder]
   821 | D:1      | Reached XP level 3. HP: 12/29 MP: 6/6
  1009 | D:2      | Reached skill level 1 in Armour
  1367 | D:2      | Reached skill level 1 in Spellcasting
  1367 | D:2      | Noticed Robin
  1384 | D:2      | HP: 1/29 [Robin/goblin (2)]
  1384 | D:2      | Slain by a goblin

Illustrated notes

Levels and vault maps discovered:
D:1:      roderic_chinese_lattice_arrival, layout_basic
D:2:      minmay_spotlight, layout_basic, basic_altar, uniq_terence,
          uniq_crazy_yiuf_cottage, uniq_robin

Skill      XL: |  1  2  3 |
---------------+----------+-----
Fighting       | 2 |  2.2
Long Blades    | 3 |  3.0
Armour         | 1 |  1.0
Dodging        | 3 |  3.0
Spellcasting   | 1 |  1.0
Throwing       | |  1.7

Action                   || total
-------------------------++-------
Melee: Long sword        ||    76
  Use: Scroll            ||     6
       Potion            ||     1
 Stab: Sleeping          ||     2
Armor: Leather armour    ||    26
Dodge: Dodged            ||    67
       Rpst.: Long sword ||    15

Table legend: (Time is in decaauts)
 A = Elapsed time spent in this place.
 B = Non-inter-level travel time spent in this place.
 C = Inter-level travel time spent in this place.
 D = Time resting spent in this place.
 E = Time spent auto-exploring this place.
 F = Levels seen in this place.
 G = Mean time per level.
                   A        B        C        D        E       F      G
               +--------+--------+--------+--------+--------+-----+--------+
         Total |   1405 |   1392 |     13 |    179 |    971 |   2 |  702.5 |
       Dungeon |   1405 |   1392 |     13 |    179 |    971 |   2 |  702.5 |
               +--------+--------+--------+--------+--------+-----+--------+

Top non-repeatable levels by time:
     D:1: 1008 daAuts
     D:2: 396 daAuts
